AoeStats
← GA | Oink

Arena

507972936Analyzed
1v1 RM · 10d ago on Sep 20, 2026· 30m 13s· 2 players
Game mode
Random Map
Map size
Tiny (2 player)
Population
200
Speed
Normal
Resources
Standard
Victory
Conquest
Starting age
Dark Age
Ending age
Imperial Age
RankedLock teamsTeams togetherTeam positionsShared explorationLock speedFull tech treeHidden civsTurbo modeCheats
Victory
Defeat
🇪🇸 Franks · Spain
1052
+16
🇩🇪 Turks · Germany
1057
-16
sebastian.turone
10:44 Feudal Age
14:49 Castle Age
13:57 Double-Bit Axe
15:02 Loom
18:53 Town Watch
21:34 Husbandry
22:14 Bow Saw
24:15 Wheelbarrow
26:36 Scale Barding Armor
29:39 Imperial Age
GA | Oink
12:03 Feudal Age
12:44 Double-Bit Axe
12:40 Horse Collar
17:41 Castle Age
21:50 Imperial Age
20:00 Bow Saw
19:43 Gold Mining
21:03 Wheelbarrow
20:58 Heavy Plow
21:39 Wheelbarrow
Connection lost

Rejoining the realm…

Still unreachable

The connection could not be restored.

Session expired

The server has moved on; the page needs a fresh start.